 Dungeon Crawl Stone Soup version 0.29-a0-330-g52719c12eb (webtiles) character file.

Game seed: 3096935968116505004

156 kae the Firebug (level 4, 0/35 HPs)
             Began as a Demigod Fire Elementalist on May 9, 2022.
             Killed by divine providence
             ... invoked by an orc priest
              (12 damage)
             ... on level 4 of the Dungeon.
             The game lasted 00:02:19 (3969 turns).

kae the Firebug (Demigod Fire Elementalist)         Turns: 3969, Time: 00:02:19

Health: 0/35       AC:  3    Str:  9    XL:     4   Next: 91%
Magic:  0/10       EV: 12    Int: 21    God:
Gold:   121        SH:  0    Dex: 14    Spells: 1/7 levels left

rFire   + + .      SeeInvis .   e - staff of fire
rCold   x . .      Faith    .   (no shield)
rNeg    . . .      Spirit   +   a - +1 robe
rPois   .          Reflect  .   (no helmet)
rElec   .          Harm     .   (no cloak)
rCorr   .          Rampage  .   (no gloves)
Will    .....                   (no boots)
Stlth   ++........              n - amulet of guardian spirit
HPRegen 0.11/turn               j - ring of fire
MPRegen 0.12/turn               (no ring)

@: no status effects
A: high MP 1, forlorn, divine attributes
a: no special abilities


You were on level 4 of the Dungeon.
You visited 1 branch of the dungeon, and saw 4 of its levels.

You collected 202 gold pieces.
You spent 81 gold pieces at shops.

Inventory:

Hand Weapons
 d - a +0 dagger
Armour
 a - a +1 robe (worn)
Magical Staves
 e - a staff of fire (weapon)
Jewellery
 j - a ring of fire (left hand)
 n - an amulet of guardian spirit (around neck)
Scrolls
 k - 2 scrolls of identify
Potions
 b - a potion of magic
 f - a potion of flight
 g - a potion of cancellation
 h - a potion of heal wounds {unknown}
 i - a potion of resistance {unknown}
 l - a potion of berserk rage {unknown}
 o - a potion of lignification {unknown}
 p - a potion of brilliance {unknown}
 q - a potion of haste {unknown}


   Skills:
 + Level 1.5 Fighting
 + Level 1.0 Staves
 + Level 2.5 Dodging
 - Level 1.7 Stealth
 + Level 2.4 Spellcasting
 + Level 1.8 Conjurations
 + Level 3.2 Fire Magic
 + Level 0.7 Evocations


You had one spell level left.
You knew the following spells:

 Your Spells              Type           Power      Damage    Failure   Level
a - Foxfire               Conj/Fire      100%       2x1d9     4%          1
b - Scorch                Fire           72%        2d8       5%          2
c - Conjure Flame         Conj/Fire      29%        6-21      16%         3

Your spell library contained the following spells:

 Spells                   Type           Power      Damage    Failure   Level
 Inner Flame              Hex/Fire       21%        N/A       22%         3
 Gell's Gravitas          Tloc           2%         N/A       38%         3
 Lesser Beckoning         Tloc           2%         N/A       38%         3
 Teleport Other           Tloc           2%         N/A       38%         3
 Tukima's Dance           Hex            2%         N/A       38%         3
 Flame Wave               Conj/Fire      29%        2d8       45%         4
 Anguish                  Hex/Necr       1%         N/A       80%         4
 Fireball                 Conj/Fire      14%        3d8       80%         5
 Starburst                Conj/Fire      14%        6d6       100%        6
 Enfeeble                 Hex            1%         N/A       100%        7
 Ignition                 Fire           18%        3d7       100%        8


Dungeon Overview and Level Annotations

Branches:
Dungeon (4/15)
 Temple: D:4-7

Shops:
D:3 *

Annotations:
D:3 1 runed translucent door, Crazy Yiuf


Innate Abilities, Weirdness & Mutations

You have an increased reservoir of magic. (+10% MP)
You shall have no god before yourself.
Your divine heritage dramatically boosts your attributes as you level up.


Message History

The orc priest is heavily wounded.
The orc priest looks braver for a moment.
Casting: Foxfire (safe; 4% risk of failure)
Confirm with . or Enter, or press ? or * to list all spells.
You feel a strong surge of power!
You conjure some foxfire!
The foxfire hits the orc priest but does no damage.
The orc priest is heavily wounded.
Your foxfire dissipates!
The foxfire hits the orc priest.
The orc priest is severely wounded.
Casting: Foxfire (safe; 4% risk of failure)
Confirm with . or Enter, or press ? or * to list all spells.
You feel a strong surge of power!
Flames lash the orc priest.
The orc priest is almost dead.
The orc priest's fire resistance burns away.
You hear a shout!
The orc priest calls down the wrath of Beogh upon you.
Beogh smites you! The orc hits you with a +0 whip.
* * * LOW HITPOINT WARNING * * *
The orc priest completely misses you. The orc hits you with a +0 whip.
* * * LOW HITPOINT WARNING * * *
An orc comes into view. It is wielding a +4 dagger.
Casting: Scorch (safe; 5% risk of failure)
Confirm with . or Enter, or press ? or * to list all spells.
You don't have enough magic to cast this spell.
You feel better. The orc priest barely misses you.
The orc hits you with a +0 whip.
* * * LOW HITPOINT WARNING * * *
The orc attacks as you move away! The orc hits you with a +0 whip.
* * * LOW HITPOINT WARNING * * *
The orc priest attacks as you move away!
The orc priest misses you.
The orc priest is no longer more vulnerable to fire.
The orc priest looks encouraged for a moment.
Things that are here:
a +0 hand axe; 3 boomerangs You feel better.
The orc priest invokes the aid of Beogh against you.
Beogh smites you!
You die...

.........^.... ..#.#
..###..#.#... ..#.#
#.#......#.##. #.#.#
.......#.#.##.##...
.#.........# .....#
.#.........# #...##
######.#..#####....#
#....)...#..oo#
#....###.##@#.#
#....# #....#).#
#....# ######..#
#..... ... #.....
...# #..... ..o#
#.... ##.#


You could see an orc priest and an orc.

Vanquished Creatures
  An orc wizard (D:4)
  A gnoll (D:1)
  5 adders
  A shadow imp (D:3)
  2 dart slugs (D:1)
  2 orcs (D:4)
  5 endoplasms
  A giant cockroach (D:2)
  5 goblins
  3 hobgoblins
  6 jackals
  8 kobolds
  3 quokkas
  8 ball pythons
  3 bats
  2 frilled lizards (D:2)
  12 rats
68 creatures vanquished.

Vanquished Creatures (others)
  265 foxfires
265 creatures vanquished.

Grand Total: 333 creatures vanquished

Notes
Turn   | Place    | Note
-------+----------+-------------------------------------------
     0 | D:1      | kae the Demigod Fire Elementalist began the quest for the
                  | Orb.
     0 | D:1      | Reached XP level 1. HP: 14/14 MP: 5/5
   191 | D:1      | Reached skill level 1 in Conjurations
   494 | D:1      | Reached XP level 2. HP: 22/22 MP: 4/7
   634 | D:1      | Learned a level 2 spell: Scorch
  1035 | D:1      | Reached skill level 3 in Fire Magic
  1348 | D:1      | Reached skill level 1 in Fighting
  1348 | D:1      | Reached XP level 3. HP: 27/28 MP: 4/8
  1352 | D:1      | Learned a level 3 spell: Conjure Flame
  1623 | D:2      | Identified 2 scrolls of acquirement
  1623 | D:2      | Acquired a book of Fire
  1693 | D:2      | Acquired a staff of fire
  2692 | D:3      | Reached XP level 4. HP: 35/35 MP: 7/10
  3246 | D:3      | Found Gocion's Assorted Antiques.
  3263 | D:3      | Bought a scroll labelled EHAASI CEDERPHY for 27 gold pieces
  3263 | D:3      | Bought a scroll of identify for 54 gold pieces
  3364 | D:3      | Found a runed translucent door.
  3365 | D:3      | Noticed Crazy Yiuf
  3944 | D:4      | Reached skill level 1 in Staves
  3969 | D:4      | Killed from afar by an orc priest

Illustrated notes

Levels and vault maps discovered:
D:1:      onia_arrival_handbag, layout_loops_ring
D:2:      layout_loops_ring, hellmonk_ecumenical_altar_blasted, minmay_tripent
D:3:      layout_loops_ring, mainiacjoe_overflow_swirl, serial_shops,
          nicolae_shop_trees, hangedman_decor_peaks_small,
          roderic_roman_lattice, kennysheep_generic_room_10,
          uniq_crazy_yiuf_cottage
D:4:      layout_basic, mainiacjoe_overflow_catwalk,
          nicolae_dithmenos_through_a_glass_darkly

Skill      XL: |  1  2  3  4 |
---------------+-------------+-----
Conjurations   | 1 |  1.8
Dodging        | 2 |  2.5
Spellcasting   | 2 |  2.4
Fire Magic     | 3 |  3.2
Fighting       | 1 |  1.5
Staves         | 1 |  1.0
Stealth        | |  1.7
Evocations     | |  0.7

Action                   |  1- 3 |  4- 6 || total
-------------------------+-------+-------++-------
Melee: Unarmed           |     7 |       ||     7
       Staff             |       |     8 ||     8
       Punch             |       |     1 ||     1
 Cast: Foxfire           |   119 |    45 ||   164
       Scorch            |     1 |     1 ||     2
  Use: Scroll            |     5 |     6 ||    11
       Potion            |       |     2 ||     2
Armor: Robe              |     5 |     5 ||    10
Dodge: Dodged            |    19 |    14 ||    33

Table legend: (Time is in decaauts)
 A = Elapsed time spent in this place.
 B = Non-inter-level travel time spent in this place.
 C = Inter-level travel time spent in this place.
 D = Time resting spent in this place.
 E = Time spent auto-exploring this place.
 F = Levels seen in this place.
 G = Mean time per level.
                   A        B        C        D        E       F      G
               +--------+--------+--------+--------+--------+-----+--------+
         Total |   3968 |   3893 |     75 |      7 |   3355 |   4 |  992.0 |
       Dungeon |   3968 |   3893 |     75 |      7 |   3355 |   4 |  992.0 |
               +--------+--------+--------+--------+--------+-----+--------+

Top non-repeatable levels by time:
     D:1: 1560 daAuts
     D:3: 1203 daAuts
     D:2: 1099 daAuts
     D:4: 105 daAuts
